 Dungeon Sprint DCSS version 0.30-a0-1053-gbd8d5ba0ad (webtiles) character file.

Game seed: 6646434056714735144

299 fozzywoppz the Blocker (level 6, -3/49 (56) HPs)
             Began as a Formicid Fighter on Apr 12, 2023.
             Was a High Priest of Qazlal.
             Killed from afar by a naga mage (10 damage)
             ... with a splash of poison
             ... in the Dungeon (Sprint VII: "The Pits").
             The game lasted 00:02:02 (272 turns).

fozzywoppz the Blocker (Formicid Fighter)            Turns: 272, Time: 00:02:03

HP:   -3/49 (56)    AC: 16    Str: 22    XL:     6   Next: 63%
MP:   7/7           EV:  8    Int:  8    God:    Qazlal [*****.]
Gold: 0             SH: 12    Dex: 13    Spells: 5/5 levels left

rFire   . . .      SeeInvis +    a - +0 war axe
rCold   . . .      Faith    .    c - +0 buckler
rNeg    . . .      Spirit   .    f - +3 chain mail
rPois   .          Reflect  .    (helmet unavailable)
rElec   .          Rampage  .    (no cloak)
rCorr   .                        (no gloves)
Will    .....                    (no boots) Stlth
                                 (no amulet)
HPRegen 0.28/turn                (no ring)
MPRegen 0.10/turn                (no ring)

@: lethally poisoned (-3 -> -19), protected from physical damage, heavily
drained, repel missiles
A: permanent stasis, dig shafts and tunnels, antennae 3, four strong arms
a: Dig, Renounce Religion, Upheaval, Elemental Force, Disaster Area


You were in the Dungeon.
You worshipped Qazlal.
Qazlal was extremely pleased with you.
You visited 1 branch

Inventory:

Hand Weapons
 a - a +0 war axe (weapon)
Armour
 c - a +0 buckler (worn)
 f - a +3 chain mail (worn)
Scrolls
 h - a scroll of blinking
 j - 5 scrolls of amnesia
 k - a scroll of butterflies
Potions
 d - 4 potions of heal wounds
 e - 5 potions of curing
 g - 4 potions of magic
 i - 2 potions of invisibility


   Skills:
 + Level 7.7 Fighting
 + Level 6.6 Axes
 + Level 7.7 Armour
 + Level 1.4 Dodging
 - Level 8.8 Shields
 + Level 2.1 Invocations


You had 5 spell levels left.
You didn't know any spells.
Your spell library was empty.

Dungeon Overview and Level Annotations

Branches:
Dungeon (1/1)

Altars:
Ashenzari
Cheibriados
Dithmenos
Elyvilon
Fedhas
Gozag
Hepliaklqana
Kikubaaqudgha
Makhleb
Nemelex Xobeh
Okawaru
Qazlal
Ru
Sif Muna
Trog
Uskayaw
Vehumet
Wu Jian
Xom
Yredelemnul
Zin
The Shining One
Jiyva
Lugonu


Innate Abilities, Weirdness & Mutations

You cannot be hasted, slowed, berserked, paralysed or teleported.
You can dig through walls and to a lower floor.
You have a pair of large antennae on your head. (SInv)
Your four strong arms can wield two-handed weapons with a shield.


Message History

You feel very sick. You block the naga mage's attack.
The naga mage constricts you. The naga mage spits poison at you.
The splash of poison is repelled.
The naga mage constricts you.
You barely miss the naga mage.
The naga mage is moderately wounded.
You feel very sick.
The naga mage hits you with a +0 flail of draining!
* * * LOW HITPOINT WARNING * * *
You feel protected from physical attacks.
You feel drained.
* * * LOW HITPOINT WARNING * * *
The naga mage constricts you.
* * * LOW HITPOINT WARNING * * *
You block the naga mage's attack. The naga mage constricts you.
You feel much better.
You feel sick.
The naga mage points at you and mumbles some strange words.
The bolt of poison hits you!!
You are more poisoned.
Ouch! That really hurt!
* * * LOW HITPOINT WARNING * * *
The naga mage constricts you.
You feel better.
The naga mage hits you but does no damage.
You feel drained. The naga mage constricts you.
The naga mage casts a spell at you. The bolt of poison hits you!
You are poisoned.
* * * LOW HITPOINT WARNING * * *
The naga mage constricts you.
Unknown command.
You escape the naga mage's grasp.
The naga mage attacks as you move away!
The naga mage hits you but does no damage.
You feel drained.
* * * LOW HITPOINT WARNING * * *
You feel very sick. The naga mage spits poison at you.
The splash of poison hits you!
You are more poisoned.
You die...

#.#...†....##.......#
#'###########.......#
{ #.......#{{
######### {
#...#...#{ {
#...#...#{ {
#.##.##.#+#
#...#...#N+ {
#...#..○#'#
#.......@.# {
###########


You could see a naga mage (fast, catching breath).

Vanquished Creatures
  Pargi (D)
  An ogre (D)
  A quasit (D)
  A gnoll bouda (D)
  5 gnolls (D)
  An ufetubus (D)
  2 bats (D)
  2 giant cockroaches (D)
  A goblin (D)
  A hobgoblin (D)
  A quokka (D)
  A ball python (D)
  A frilled lizard (D)
  3 rats (D)
22 creatures vanquished.

Notes
Turn   | Place    | Note
-------+----------+-------------------------------------------
     0 | D        | fozzywoppz the Formicid Fighter began the quest for the
                  | Orb.
     0 | D        | Reached XP level 1. HP: 18/18 MP: 1/1
    36 | D        | Found a glowing golden altar of the Shining One.
    36 | D        | Found a glowing silver altar of Zin.
    36 | D        | Found a basalt altar of Yredelemnul.
    36 | D        | Found a shimmering altar of Xom.
    36 | D        | Found an ornate altar of the Wu Jian Council.
    36 | D        | Found a bloodstained altar of Trog.
    36 | D        | Found a shimmering blue altar of Sif Muna.
    36 | D        | Found a sacrificial altar of Ru.
    36 | D        | Found a stormy altar of Qazlal.
    36 | D        | Found an iron altar of Okawaru.
    36 | D        | Found a sparkling altar of Nemelex Xobeh.
    36 | D        | Found a burning altar of Makhleb.
    36 | D        | Found a viscous altar of Jiyva.
    36 | D        | Found a hazy altar of Hepliaklqana.
    36 | D        | Found an opulent altar of Gozag.
    36 | D        | Found a blossoming altar of Fedhas.
    36 | D        | Found a white marble altar of Elyvilon.
    36 | D        | Found a shadowy altar of Dithmenos.
    36 | D        | Found a snail-covered altar of Cheibriados.
    37 | D        | Found a radiant altar of Vehumet.
    37 | D        | Found a corrupted altar of Lugonu.
    38 | D        | Found an ancient bone altar of Kikubaaqudgha.
    38 | D        | Found a hide-covered altar of Uskayaw.
    38 | D        | Found a broken altar of Ashenzari.
    41 | D        | Became a worshipper of Qazlal Stormbringer
    59 | D        | Reached * piety under Qazlal
    73 | D        | Reached XP level 2. HP: 23/25 MP: 2/2
    77 | D        | Noticed Pargi
    79 | D        | Reached ** piety under Qazlal
    97 | D        | Killed Pargi
    98 | D        | Reached skill level 5 in Fighting
    98 | D        | Reached skill level 5 in Armour
    98 | D        | Reached skill level 7 in Shields
    98 | D        | Reached XP level 3. HP: 10/34 MP: 3/3
    98 | D        | Reached XP level 4. HP: 12/40 MP: 4/4
    98 | D        | Reached XP level 5. HP: 14/46 MP: 5/5
   158 | D        | Noticed an ogre
   165 | D        | Reached *** piety under Qazlal
   166 | D        | Reached skill level 5 in Axes
   181 | D        | Reached **** piety under Qazlal
   187 | D        | Killed an ogre
   188 | D        | Reached skill level 8 in Shields
   188 | D        | Reached XP level 6. HP: 39/55 MP: 6/6
   192 | D        | Reached skill level 1 in Invocations
   193 | D        | Reached skill level 1 in Dodging
   200 | D        | Reached ***** piety under Qazlal
   260 | D        | Noticed a naga mage
   272 | D        | Killed from afar by a naga mage

Illustrated notes

Levels and vault maps discovered:
D:        pitsprint [storerooms_1, entrance_room_1, metal_vault_5, armoury_1,
          mini_pit_1, grid_room_1, main_hall_1, silver_pit, the_coven_1,
          the_vestibule_1, steel_vault_1, golden_pit, hallway_of_sentries,
          crystal_vault_6, iron_vault_2, final_vault]

Skill      XL: |  1  2  3  4  5  6 |
---------------+-------------------+-----
Armour         | 5 7 |  7.7
Fighting       | 5 7 |  7.7
Axes           | 4 6 |  6.6
Shields        | 7 8 |  8.8
Invocations    | 2 |  2.1
Dodging        | 1 |  1.4

Action                     |  1- 3 |  4- 6 || total
---------------------------+-------+-------++-------
  Melee: War axe           |    38 |    45 ||    83
    Use: Potion            |     2 |     2 ||     4
 Armour: Scale mail        |    34 |       ||    34
         Chain mail        |       |    16 ||    16
  Dodge: Dodged            |    30 |    14 ||    44
         Repelled          |       |     2 ||     2
  Block: Buckler           |    28 |    28 ||    56

Table legend: (Time is in decaauts)
 A = Elapsed time spent in this place.
 B = Non-inter-level travel time spent in this place.
 C = Inter-level travel time spent in this place.
 D = Time resting spent in this place.
 E = Time spent auto-exploring this place.
 F = Levels seen in this place.
 G = Mean time per level.
                   A        B        C        D        E       F      G
               +--------+--------+--------+--------+--------+-----+--------+
         Total |    296 |    296 |      0 |     37 |      0 |   1 |  296.0 |
       Dungeon |    296 |    296 |      0 |     37 |      0 |   1 |  296.0 |
               +--------+--------+--------+--------+--------+-----+--------+

Top non-repeatable levels by time:
       D: 296 daAuts
